 Dungeon Crawl Stone Soup version 0.18-a0-1088-g34ef3a2 (webtiles) character file.

130 Ijustatesigmund the Skirmisher (level 4, -3/37 HPs)
             Began as a Demonspawn Abyssal Knight on Jan 15, 2016.
             Was a Priest of Lugonu.
             Slain by an orc
             ... wielding a +0 hand axe
              (5 damage)
             ... on level 2 of the Dungeon.
             The game lasted 00:06:49 (3499 turns).

Ijustatesigmund the Skirmisher (DsAK)               Turns: 3499, Time: 00:06:49

Health: -3/37      AC:  3    Str: 13    XL:     4   Next: 89%
Magic:  0/6        EV: 11    Int: 13    God:    Lugonu [***...]
Gold:   75         SH:  0    Dex: 13    Spells: 0 memorised, 3 levels left

rFire  . . .     SeeInvis .     a - +2 mace
rCold  . . .     Gourm    .     b - +0 leather armour
rNeg   . . .     Faith    .     (no shield)
rPois  .         Spirit   +     (no helmet)
rElec  .         Dismiss  .     (no cloak)
rCorr  .         Reflect  .     (no gloves)
SustAt .         Harm     .     (no boots)
MR     .....                    (no amulet)
Stlth  +.........               (no ring)
                                (no ring)

@: not resistant to hostile enchantments, very unstealthy
A: magic shield, magic regeneration
a: Depart the Abyss, Bend Space, Banish, Renounce Religion


You were on level 2 of the Dungeon.
You worshipped Lugonu.
Lugonu was most pleased with you.
You were not hungry.

You visited 1 branch of the dungeon, and saw 3 of its levels.
You visited the Abyss 1 time.

You collected 75 gold pieces.

Inventory:

Hand Weapons
 a - a +2 mace (weapon)
Armour
 b - a +0 leather armour (worn)
 h - a +0 buckler
Scrolls
 e - a scroll of remove curse
 g - 2 scrolls of immolation
 l - a scroll of identify
 m - a scroll of teleportation {unknown}
Potions
 i - 2 potions of lignification
 k - a potion of flight
Comestibles
 c - 4 bread rations
 f - 8 fruits


   Skills:
 + Level 3.9 Fighting
 * Level 3.3 Maces & Flails
 - Level 1.7 Armour
 - Level 0.8 Dodging
 + Level 3.9 Invocations


You had 3 spell levels left.
You didn't know any spells.

Dungeon Overview and Level Annotations

Branches:
Dungeon (3/15)

Altars:
Trog


Innate Abilities, Weirdness & Mutations

When hurt, damage is shared between your health and your magic reserves.
You regenerate magic rapidly.


Message History

The orc wizard hits you with a dagger.
* * * LOW HITPOINT WARNING * * *
You barely miss the orc wizard.
The orc wizard is heavily wounded.
The orc wizard hits you but does no damage. x2
You hit the orc wizard.
The orc wizard is severely wounded.
The orc wizard casts a spell.
The orc wizard flickers and vanishes!
Something hits you.
You sock something! Lugonu accepts your kill.
Reactivating autopickup.
You feel a bit more experienced.
Welcome back, Ijustatesigmund the Demonspawn Abyssal Knight.
Lugonu says: Spread carnage and corruption!
Press ? for a list of commands and other information.
You hit the orc.
The orc is almost dead.
The orc hits you with a hand axe.
You die...

##########
########....†...#
#........######.#
#........# ####.#
#........# #....#
#........# #.####
#........# #.#
#######........###.#
....^.........oo@#.#
#####.##......####.#######
#.##.####'## #.......#
#.##.......# #######.#
#.##.......# #.# #
#.##.......#########.# #
#.##.................# #
#.#######.################
# #.# #.#..............#


You could see 2 orcs.

Vanquished Creatures
  An orc wizard (D:2)
  3 adders
  3 worms
  An orc (D:3)
  A giant cockroach (D:1)
  5 goblins
  11 hobgoblins
  9 jackals (D:1)
  A quokka (D:2)
  4 bats
  3 giant newts
  11 kobolds
  10 rats
63 creatures vanquished.

Notes
Turn   | Place    | Note
--------------------------------------------------------------
     0 | Abyss:1  | Ijustatesigmund the Demonspawn Abyssal Knight began the quest for the Orb.
     0 | Abyss:1  | Reached XP level 1. HP: 18/18 MP: 2/2
     0 | Abyss:1  | Found a corrupted altar of Lugonu.
    20 | D:1      | Escaped the Abyss
   487 | D:1      | Gained mutation: When hurt, damage is shared between your health and your magic reserves. [demonic ancestry]
   487 | D:1      | Reached XP level 2. HP: 2/24 MP: 4/4
   879 | D:1      | Reached ** piety under Lugonu
  1275 | D:1      | Gained mutation: You regenerate magic rapidly. [demonic ancestry]
  1275 | D:1      | Reached XP level 3. HP: 26/29 MP: 5/5
  2648 | D:2      | Reached XP level 4. HP: 24/36 MP: 4/6
  3055 | D:3      | Found a bloodstained altar of Trog.
  3149 | D:3      | Found a faded altar to an unknown god.
  3208 | D:3      | Reached *** piety under Lugonu
  3490 | D:2      | HP: 1/37 [orc wizard/dagger (1)]
  3495 | D:2      | HP: 1/37 [orc wizard/dagger (1)]
  3499 | D:2      | Slain by an orc

Vault maps used:
D:1:      lightli_arrival_noodles, kennysheep_another_room, lemuel_flame_loot_1
D:3:      lemuel_coloured_pillars_altar, lemuel_doored_altar,
          ecumenical_altar_2, first_bread

Action                   |  1- 3 |  4- 6 || total
-------------------------+-------+-------++-------
Melee: Mace              |   174 |    83 ||   257
  Use: Scroll            |     6 |     4 ||    10
       Potion            |     1 |       ||     1
  Eat: Chunk             |     5 |     2 ||     7
       Fruit             |     1 |       ||     1
       Pizza             |       |     1 ||     1
